 Dungeon Crawl Stone Soup version 0.29-a0-993-g4a18f31a58 (webtiles) character file.

Game seed: 16874100463014482551

2048 kae the Destroyer (level 9, -2/45 HPs)
             Began as a Tengu Fire Elementalist on Aug 2, 2022.
             Was a Follower of Vehumet.
             Killed from afar by an electric eel (14 damage)
             ... with a bolt of electricity
             ... on level 6 of the Dungeon.
             The game lasted 00:07:00 (8308 turns).

kae the Destroyer (Tengu Fire Elementalist)         Turns: 8308, Time: 00:07:00

Health: -2/45      AC:  3    Str:  9    XL:     9   Next: 24%
Magic:  26/26      EV: 14    Int: 20    God:    Vehumet [*.....]
Gold:   356        SH:  5    Dex: 14    Spells: 5/18 levels left

rFire   . . .      SeeInvis +   d - +1 dagger
rCold   . . .      Faith    .   r - +2 buckler
rNeg    . . .      Spirit   .   a - +0 robe
rPois   .          Reflect  .   (helmet restricted)
rElec   .          Harm     .   m - +0 cloak
rCorr   .          Rampage  .   (no gloves)
Will    .....                   (boots unavailable)
Stlth   ++........              c - amulet of magic regeneration
HPRegen 0.15/turn               v - ring of see invisible
MPRegen 0.60/turn               W - ring of magical power

@: flying quickly and evasively, quick
A: beak, talons 3, nimble flight
a: Renounce Religion


You were on level 6 of the Dungeon.
You worshipped Vehumet.
Vehumet was aware of your devotion.
You visited 2 branches of the dungeon, and saw 7 of its levels.

You collected 356 gold pieces.


Innate Abilities, Weirdness & Mutations

You have a beak for a mouth.
You have claws for feet.
Your magical nature lets you fly swiftly and evasively.


   Skills:
 - Level 2.1 Dodging
 - Level 2.0 Stealth
 + Level 5.1 Spellcasting
 * Level 9.8 Conjurations
 * Level 8.9 Fire Magic


You had 5 spell levels left.
You knew the following spells:

 Your Spells              Type           Power      Damage    Failure   Level
a - Foxfire               Conj/Fire      100%       2x1d9     1%          1
b - Scorch                Fire           82%        2d9       1%          2
c - Conjure Flame         Conj/Fire      42%        6-21      1%          3
d - Inner Flame           Hex/Fire       23%        N/A       8%          3
e - Flame Wave            Conj/Fire      42%        2d11      3%          4

Your spell library contained the following spells:

 Spells                   Type           Power      Damage    Failure   Level
 Sandblast                Erth           10%        2d5       16%         1
 Apportation              Tloc           10%        N/A       16%         1
 Beastly Appendage        Tmut           10%        N/A       16%         1
 Necrotise                Necr           20%        1d5       16%         1
 Summon Small Mammal      Summ           20%        N/A       16%         1
 Wereblood                Tmut           5%         N/A       24%         2
 Gell's Gravitas          Tloc           5%         N/A       43%         3
 Spider Form              Tmut/Pois      5%         N/A       43%         3
 Teleport Other           Tloc           5%         N/A       43%         3
 Dispersal                Tloc           2%         N/A       100%        6

Inventory:

Hand Weapons
 d - a +1 dagger (weapon)
   (You took it off a goblin on level 1 of the Dungeon)
Missiles
 f - 27 stones
 h - 4 poisoned darts
Armour
 a - a +0 robe (worn)
 m - a +0 cloak (worn)
   (You found it on level 2 of the Dungeon)
 r - a +2 buckler (worn)
   (You found it on level 3 of the Dungeon)
Magical Staves
 e - a staff of conjuration {!a}
   (You found it on level 1 of the Dungeon)
 u - a staff of air {!a}
   (You found it on level 5 of the Dungeon)
 w - a staff of death {!a}
   (You found it on level 5 of the Dungeon)
Jewellery
 c - an amulet of magic regeneration (around neck)
   (You found it on level 1 of the Dungeon)
 v - a ring of see invisible (left hand)
   (You found it on level 3 of the Dungeon)
 G - an amulet of guardian spirit
   (You found it on level 1 of the Dungeon)
 T - an amulet of faith {!P}
   (You found it on level 3 of the Dungeon)
 W - a ring of magical power (right hand)
   (You took it off a kobold on level 4 of the Dungeon)
Wands
 n - a wand of mindburst (18)
   (You found it on level 3 of the Dungeon)
 o - a wand of light (14)
   (You found it on level 3 of the Dungeon)
 s - a wand of paralysis (13)
   (You found it on level 4 of the Dungeon)
Scrolls
 g - a scroll of butterflies
 i - 2 scrolls of enchant weapon
 l - a scroll of immolation {!r!r}
 x - a scroll of torment {unknown}
 y - a scroll of identify {@r1}
Potions
 b - 2 potions of magic
 j - 2 potions of cancellation
 k - 2 potions of lignification {unknown}
 p - 2 potions of curing {@q1}
 q - a potion of heal wounds {@q2}
 t - 2 potions of attraction {!q}
 z - a potion of berserk rage {!q}

Dungeon Overview and Level Annotations

Branches:
Dungeon (6/15) Zot: 25153  Temple (1/1) D:5 Zot: 5801

Altars:
Ashenzari
Cheibriados
Dithmenos
Elyvilon
Fedhas
Gozag
Kikubaaqudgha
Makhleb
Nemelex Xobeh
Okawaru
Qazlal
Ru
Sif Muna
Trog
Uskayaw
Vehumet
Xom
Yredelemnul
Zin
The Shining One

Shops:
D:6 :

Annotations:
D:2 1 runed translucent door, Crazy Yiuf

##.## #.# ## #.# #...######
.## ##.## ##'##≈~?.. ..#
##...## #.#≈≈.PP. #v#
#.....# ###### #.#≈[$P.. #§#
##...## #..... #.#SSSP..
#§## ##.## #.#### #~##≈[.P.
#§~######.#####.#
##~##########§##...........#
##~##≈/.P. #§@#####.#######
#÷#≈≈.~~.§§#§# #.# ###
#.#≈~$..§§.#§# #.# ..#
#.#≈≈?.v§..#§# #.########
#.# #.##≈S.~..##~#
#........# #.#
##~########~######..#####.#
#.#
##~~~~~..)##....#..#####.#
..#
##############.#........###
..#
#.#####..####.....###.....


You could see an electric eel (ally target).


Message History

There is an open door here.
There is an open door here.
There is an open door here.
Key pressed, stopping explore.
You see here a water moccasin skeleton.
You see here a hound skeleton.
A two-headed ogre comes into view.
It is wielding a +0 giant club and a +0 giant spiked club.
The two-headed ogre shouts in stereo!
A two-headed ogre is nearby!
A two-headed ogre is nearby!
A two-headed ogre is nearby!
You start waiting.
A two-headed ogre is nearby!
Casting: Scorch (safe; 1% risk of failure)
Confirm with . or Enter, or press ? or * to list all spells.
The fire begins to smoulder! 😎 MP[-3]
You lost 3 mp, and now have 22/25 mp.
The fire ignites! 😎 MP[+1]
Casting: Conjure Flame (safe; 1% risk of failure)
Confirm with . or Enter, or press ? or * to list all spells.
Flames lash the two-headed ogre.
The two-headed ogre's fire resistance burns away.
The two-headed ogre is engulfed in blazing flames.
The two-headed ogre barely misses you.
The two-headed ogre closely misses you. 😎 MP[-1]
You lost 1 mp, and now have 22/25 mp.
Casting: Scorch (safe; 1% risk of failure)
Confirm with . or Enter, or press ? or * to list all spells.
Flames lash the two-headed ogre.
The two-headed ogre is burned terribly!
The two-headed ogre is engulfed in blazing flames.
The two-headed ogre closely misses you.
The two-headed ogre barely misses you. 😎 MP[-1]
You lost 1 mp, and now have 21/25 mp.
Casting: Scorch (safe; 1% risk of failure)
Confirm with . or Enter, or press ? or * to list all spells.
Flames lash the two-headed ogre.
The two-headed ogre is burned terribly!
The two-headed ogre is engulfed in blazing flames.
You kill the two-headed ogre!
Vehumet accepts your kill.
Your Spellcasting skill increases to level 5!
Your Conjurations skill increases to level 9!
You have reached level 9!
Your experience leads to an increase in your attributes!
Increase (S)trength, (I)ntelligence, or (D)exterity?
You feel clever. x2 😎 HP[+4] MP[-1]
You now have 45 max hp (+4).
Your hp is fully restored (45).
Partly explored, can't reach some places. 😎 MP[+2]
You regained 2 mp, and now have 22/26 mp.
Partly explored, can't reach some places.
Partly explored, can't reach some places.
Unknown command.
Partly explored, can't reach some places.
Partly explored, can't reach some places.
Partly explored, can't reach some places.
Partly explored, can't reach some places.
You start resting. 😎 MP[+4]
Your mp is fully restored (26).
Partly explored, can't reach some places.
Partly explored, can't reach some places.
Partly explored, can't reach some places.
Partly explored, can't reach some places.
Unknown command.
You start waiting.
Done waiting.
Things that are here:
a +0 giant club; a +0 giant spiked club; a two-headed ogre corpse You reach down and open the door.
The electric eel shoots out a bolt of lightning at you!
The bolt of electricity hits the plant!
The plant begins to die.
The bolt of electricity hits you! 😕 HP[-11]
You take 11 damage, and now have 34/45 hp.
MASSIVE DAMAGE!! (PAUSE) Unknown command.
Casting: Scorch (safe; 1% risk of failure)
Confirm with . or Enter, or press ? or * to list all spells.
You conjure some foxfire! 😕 HP[+1]
The electric eel shoots out a bolt of lightning at you!
The bolt of electricity hits you! 😮 HP[-12]
You take 12 damage, and now have 23/45 hp.
MASSIVE DAMAGE!! (PAUSE)
Casting: Foxfire (safe; 1% risk of failure)
Confirm with . or Enter, or press ? or * to list all spells.
You conjure some foxfire!
The electric eel shoots out a bolt of lightning at you!
The bolt of electricity hits your foxfire!
The bolt of electricity hits you!
* * * LOW HITPOINT WARNING * * *
A nearby plant withers and dies.
The electric eel shoots out a bolt of lightning at you!
The bolt of electricity hits your foxfire!
The bolt of electricity hits you!
You die...

Skill      XL: |  1  2  3  4  5  6  7  8 |
---------------+-------------------------+-----
Conjurations   | 2 3 4 5 7 9 |  9.8
Fire Magic     | 4 5 7 8 |  8.9
Spellcasting   | 3 4 5 |  5.1
Dodging        | |  2.1
Stealth        | |  2.0

Action                   |  1- 3 |  4- 6 |  7- 9 || total
-------------------------+-------+-------+-------++-------
Melee: Dagger            |     3 |    24 |     8 ||    35
       Kick              |     1 |     6 |     3 ||    10
       Peck              |       |     1 |     2 ||     3
 Cast: Foxfire           |    65 |    81 |    51 ||   197
       Scorch            |       |    24 |    74 ||    98
       Conjure Flame     |       |       |     1 ||     1
Evoke: Wand              |       |     2 |       ||     2
  Use: Scroll            |       |     8 |     5 ||    13
       Potion            |       |     1 |       ||     1
 Stab: Sleeping          |       |     1 |     1 ||     2
Armor: Robe              |       |    12 |     8 ||    20
Dodge: Dodged            |     8 |    57 |    82 ||   147
Block: Buckler           |       |    20 |    26 ||    46

Levels and vault maps discovered:
D:1:      ncdulo_halloftheorcs, layout_rooms,
          hellmonk_ecumenical_altar_defaced_shrine
D:2:      layout_loops_corners, uniq_natasha, uniq_crazy_yiuf_cottage
D:3:      layout_basic, uniq_robin
D:4:      layout_loops_cross, general_overflow_altar,
          nicolae_gozag_seed_capital, elyvilon_altar_1,
          minmay_increasing_density
D:5:      nicolae_cairo_tiling, layout_basic, bloody_makhleb, fedhas_altar_4,
          minmay_temple_entry_junction, minmay_fire_ice_demons
D:6:      cheibrodos_two_vegetables, layout_loops_corners, serial_shops,
          nicolae_stop_n_shop_2
Temple:   regret_index_temple_generic_petals

Notes
Turn   | Place    | Note
-------+----------+-------------------------------------------
     0 | D:1      | kae the Tengu Fire Elementalist began the quest for the
                  | Orb.
     0 | D:1      | Reached XP level 1. HP: 10/10 MP: 4/4
     0 | D:1      | magus.rc [v1.11.3]
   188 | D:1      | Reached skill level 2 in Conjurations
   188 | D:1      | Reached XP level 2. HP: 15/15 MP: 3/6
   401 | D:1      | Reached XP level 3. HP: 18/19 MP: 1/7
   601 | D:1      | Found a faded altar of an unknown god.
   649 | D:1      | Reached skill level 4 in Fire Magic
   901 | D:1      | Reached skill level 3 in Conjurations
  1045 | D:2      | Found a runed translucent door.
  1045 | D:2      | Identified the +4 hammer of Hah Pack {venom, *Corrode rF+
                  | rC+}
  1046 | D:2      | Noticed Crazy Yiuf
  1204 | D:2      | Noticed Natasha
  1215 | D:2      | Killed Natasha
  1216 | D:2      | Reached XP level 4. HP: 10/24 MP: 8/8
  1321 | D:2      | Noticed Natasha
  1325 | D:2      | Killed Natasha
  1584 | D:2      | Noticed Natasha
  1591 | D:2      | Killed Natasha
  1592 | D:2      | Reached skill level 4 in Conjurations
  1592 | D:2      | Gained mutation: Your magical nature lets you fly swiftly
                  | and evasively. [Tengu growth]
  1592 | D:2      | Reached XP level 5. HP: 28/28 MP: 8/10
  2506 | D:3      | Identified the +2 robe of an ice cave {Str+3 Int+4 Dex+2}
  2650 | D:3      | Noticed Robin
  2729 | D:2      | HP: 7/28 [poisoned by you (poison gas)]
  3102 | D:3      | Learned a level 2 spell: Scorch
  3106 | D:3      | Learned a level 3 spell: Conjure Flame
  3110 | D:3      | Learned a level 3 spell: Inner Flame
  3139 | D:3      | Killed Robin
  3146 | D:3      | HP: 6/28 [goblin/sling bullet[Robin] (6)]
  3154 | D:3      | Reached skill level 3 in Spellcasting
  3637 | D:4      | Reached skill level 5 in Fire Magic
  3840 | D:4      | Found an opulent altar of Gozag.
  4106 | D:4      | Reached XP level 6. HP: 20/32 MP: 7/11
  4111 | D:4      | Reached skill level 5 in Conjurations
  4315 | D:4      | You pick up a book of Cantrips and begin reading...
  4315 | D:4      | You add the spells Necrotise, Summon Small Mammal and
                  | Apportation to your library.
  4482 | D:4      | Found a white marble altar of Elyvilon.
  4566 | D:4      | Found a shimmering altar of Xom.
  4584 | D:5      | Entered Level 5 of the Dungeon
  4761 | D:5      | Reached XP level 7. HP: 16/36 MP: 13/13
  4964 | D:5      | Reached skill level 6 in Conjurations
  5008 | D:5      | You add the spells Gell's Gravitas, Teleport Other and
                  | Dispersal to your library.
  5065 | D:5      | Reached skill level 6 in Fire Magic
  5678 | D:5      | Found a blossoming altar of Fedhas.
  5847 | D:5      | Learned a level 4 spell: Flame Wave
  5882 | D:5      | Found a staircase to the Ecumenical Temple.
  5890 | Temple   | Entered the Ecumenical Temple
  6087 | Temple   | Became a worshipper of Vehumet
  6121 | D:5      | You pick up a book of Changes and begin reading...
  6121 | D:5      | You add the spells Beastly Appendage, Wereblood and Spider
                  | Form to your library.
  6181 | D:5      | Found a burning altar of Makhleb.
  6402 | D:5      | Reached skill level 7 in Conjurations
  6448 | D:5      | Reached skill level 4 in Spellcasting
  6448 | D:5      | Reached skill level 7 in Fire Magic
  6448 | D:5      | Reached XP level 8. HP: 39/41 MP: 15/15
  6744 | D:6      | Found Ropaf's Book Boutique.
  6786 | D:6      | HP: 3/41 [orc priest/divine providence (9)]
  7299 | D:6      | Reached skill level 8 in Conjurations
  7716 | D:6      | Reached * piety under Vehumet
  7716 | D:6      | Offered knowledge of Sandblast by Vehumet.
  7810 | D:6      | Reached skill level 8 in Fire Magic
  8163 | D:6      | Noticed a two-headed ogre
  8180 | D:6      | Killed a two-headed ogre
  8181 | D:6      | Reached skill level 5 in Spellcasting
  8181 | D:6      | Reached skill level 9 in Conjurations
  8181 | D:6      | Reached XP level 9. HP: 45/45 MP: 17/17
  8308 | D:6      | Killed from afar by an electric eel

Vanquished Creatures
  A two-headed ogre (D:6)
  A water moccasin (D:6)
  A black bear (D:6)
  An ogre (D:6)
  A centaur (D:6)
  2 scorpions
  4 wights
  A crimson imp (D:5)
  4 hounds
  2 orc priests
  3 iguanas (D:4)
  5 orc wizards
  Natasha (thrice) (D:2)
  Robin (D:3)
  7 adders
  7 gnolls
  A shadow imp (D:4)
  A white imp (D:5)
  2 worms (D:3)
  6 dart slugs
  15 orcs
  5 endoplasms
  4 giant cockroaches
  19 goblins
  8 hobgoblins
  6 jackals (D:5)
  3 quokkas
  5 ball pythons
  A bat (D:1)
  3 frilled lizards (D:1)
  2 kobolds
  4 rats
129 creatures vanquished.

Vanquished Creatures (others)
  332 foxfires
  A plant (D:6)
333 creatures vanquished.

Grand Total: 462 creatures vanquished

Table legend:
 A = Non-vault XP
 B = Vault XP
 C = Vault XP percentage of total XP
 D = Non-vault monster count
 E = Vault monster count
 F = Vault count percentage of total count
                 A         B        C        D         E       F
            +---------+---------+-------+---------+---------+-------
      Total |    1641 |    1285 |  43.9 |      98 |      31 |  24.0
            +---------+---------+-------+---------+---------+-------
        D:1 |      46 |      14 |  23.3 |      25 |       4 |  13.8
        D:2 |      82 |      36 |  30.5 |       8 |       1 |  11.1
        D:3 |      49 |      36 |  42.4 |      10 |      13 |  56.5
        D:4 |     206 |     114 |  35.6 |      11 |       8 |  42.1
        D:5 |     676 |      58 |   7.9 |      34 |       2 |   5.6
        D:6 |     582 |    1027 |  63.8 |      10 |       3 |  23.1
            +---------+---------+-------+---------+---------+-------

Illustrated notes

Table legend:
 A = Kills in this place as a percentage of kills in entire the game.
 B = Kills by you in this place as a percentage of kills by you in the entire game.
 C = Kills by friends in this place as a percentage of kills by friends in the entire game.
 D = Other kills in this place as a percentage of other kills in the entire game.
 E = Experience gained in this place as a percentage of experience gained in the entire game.
 F = Experience gained in this place divided by the number of levels of this place that you have seen.
                   A       B       C       D       E      F
               +-------+-------+-------+-------+-------+----------------------
         Total | 100.0 | 100.0 |   N/A |   N/A | 100.0 | 418.0
       Dungeon | 100.0 | 100.0 |   N/A |   N/A | 100.0 | 487.7
               +-------+-------+-------+-------+-------+----------------------

Table legend: (Time is in decaauts)
 A = Elapsed time spent in this place.
 B = Non-inter-level travel time spent in this place.
 C = Inter-level travel time spent in this place.
 D = Time resting spent in this place.
 E = Time spent auto-exploring this place.
 F = Levels seen in this place.
 G = Mean time per level.
                   A        B        C        D        E       F      G
               +--------+--------+--------+--------+--------+-----+--------+
         Total |   7944 |   7668 |    276 |    710 |   6003 |   7 | 1134.9 |
       Dungeon |   7745 |   7505 |    240 |    710 |   5846 |   6 | 1290.8 |
        Temple |    198 |    162 |     36 |      0 |    157 |   1 |  198.0 |
               +--------+--------+--------+--------+--------+-----+--------+

Top non-repeatable levels by time:
     D:6: 1567 daAuts
     D:2: 1503 daAuts
     D:5: 1469 daAuts
     D:4: 1308 daAuts
     D:1: 1016 daAuts
     D:3: 881 daAuts
  Temple: 198 daAuts
